 Dungeon Crawl Stone Soup version 0.24.0-13-gcf9b319 (webtiles) character file.

Game seed: 812221426945964446, levelgen mode: deterministic

11 Afromullet the Grasshopper (level 2, -1/26 HPs)
             Began as a Gnoll Warper on Feb 5, 2020.
             Slain by a jackal (2 damage)
             ... on level 2 of the Dungeon.
             The game lasted 00:01:05 (121 turns).

Afromullet the Grasshopper (Gnoll Warper)            Turns: 121, Time: 00:01:05

Health: -1/26      AC:  3    Str: 13    XL:     2   Next: 29%
Magic:  7/7        EV: 14    Int: 15    God:
Gold:   0          SH:  0    Dex: 14    Spells: 10/10 levels left

rFire    . . .     SeeInvis .   a - +0 falchion
rCold    . . .     Gourm    .   (no shield)
rNeg     . . .     Faith    .   b - +0 leather armour
rPois    .         Spirit   .   (no helmet)
rElec    .         Reflect  .   (no cloak)
rCorr    .         Harm     .   (no gloves)
MR       .....                  (no boots)
Stlth    +.........             (no amulet)
HPRegen  0.08/turn              (no ring)
MPRegen  0.10/turn              (no ring)

@: no status effects
A: distributed training, fangs 1, strong nose
a: no special abilities


You were on level 2 of the Dungeon.
You were not hungry.

You visited 1 branch of the dungeon, and saw 2 of its levels.

Inventory:

Hand Weapons
 a - a +0 falchion (weapon)
Missiles
 e - 5 boomerangs of dispersal (quivered)
Armour
 b - a +0 leather armour (worn)
Scrolls
 d - a scroll of blinking
 g - a scroll of teleportation {unknown}
 h - 2 scrolls of identify {unknown}
Comestibles
 c - a chunk of flesh
 f - 3 rations


   Skills:
 + Level 4.4 Fighting
 + Level 0.3 Short Blades
 + Level 4.4 Long Blades
 + Level 0.3 Axes
 + Level 0.3 Maces & Flails
 + Level 0.3 Polearms
 + Level 0.3 Staves
 + Level 0.3 Slings
 + Level 0.3 Bows
 + Level 0.3 Crossbows
 + Level 2.4 Throwing
 + Level 2.4 Armour
 + Level 4.4 Dodging
 + Level 0.3 Stealth
 + Level 0.3 Shields
 + Level 0.3 Unarmed Combat
 + Level 4.9 Spellcasting
 + Level 0.2 Conjurations
 + Level 0.2 Hexes
 + Level 0.2 Charms
 + Level 0.2 Summonings
 + Level 0.2 Necromancy
 + Level 5.3 Translocations
 + Level 0.2 Transmutations
 + Level 0.2 Fire Magic
 + Level 0.2 Ice Magic
 + Level 0.2 Air Magic
 + Level 0.2 Earth Magic
 + Level 0.2 Poison Magic
 + Level 0.4 Invocations
 + Level 0.3 Evocations


You had 10 spell levels left.
You didn't know any spells.
Your spell library contained the following spells:

 Spells                   Type           Power        Failure   Level  Hunger
 Blink                    Tloc           N/A          3%          2    ##.....
 Gell's Gravitas          Tloc           ###.......   7%          3    ###....
 Lesser Beckoning         Tloc           ###.......   7%          3    ###....
 Teleport Other           Tloc           ###.....     7%          3    ###....
 Shroud of Golubria       Chrm/Tloc      ##....       10%         2    ##.....
 Passage of Golubria      Tloc           N/A          22%         4    ####...


Dungeon Overview and Level Annotations

Branches:
Dungeon (1/15)

Altars:


Innate Abilities, Weirdness & Mutations

Your experience applies equally to all skills.
You have very sharp teeth.
Your uncanny sense of smell can sniff out nearby items.


Message History

You kill the jackal!
The jackal misses you.
You riposte.
You closely miss the jackal. The jackal closely misses you.
You riposte.
You hit the jackal.
You kill the jackal!
The kobold throws a stone.
The stone barely misses you.
You see here a stone.
Unknown command.
The kobold throws a stone.
The stone closely misses you.
You see here a stone.
The kobold throws a stone.
The stone hits you but does no damage.
You see here a stone.
The kobold throws a stone.
The stone hits you.
* * * LOW HITPOINT WARNING * * *
You see here a stone.
The kobold throws a stone.
The stone hits you but does no damage.
You see here a stone.
A jackal comes into view.
The jackal barks!
You barely miss the jackal. The jackal bites you.
You die...

#..... #...(#
#.... #... #..
#.#
##############†#
#....((.(K((..(#
##@#############
#h# #######....
#.# #.......#
#.# #.......#
##.###.......#
#....h.......#
######.......#
#......%#
#.).....#


You could see a jackal and a kobold.

Vanquished Creatures
  2 bats
  A giant cockroach (D:1)
  5 jackals
  A kobold (D:1)
  A rat (D:2)
  A toadstool (D:1)
11 creatures vanquished.

Vanquished Creatures (others)
  A toadstool (D:1)
1 creature vanquished.

Grand Total: 12 creatures vanquished

Notes
Turn   | Place    | Note
-------+----------+-------------------------------------------
     0 | D:1      | Afromullet the Gnoll Warper began the quest for the Orb.
     0 | D:1      | Reached XP level 1. HP: 20/20 MP: 6/6
    71 | D:1      | You fall into a shaft and drop 1 floor!
    81 | D:2      | Reached XP level 2. HP: 6/26 MP: 7/7
   107 | D:2      | HP: 1/26 [jackal (2)]
   116 | D:2      | HP: 1/26 [kobold/stone (1)]
   121 | D:2      | Slain by a jackal

Levels and vault maps discovered:
D:1:      ldierk_water_garden, layout_rooms, roderic_cross_of_infinity
D:2:      layout_basic

Action                   || total
-------------------------++-------
Melee: Falchion          ||    27
       Bite              ||     1
Armor: Leather armour    ||    29
Dodge: Dodged            ||    58
       Rpst.: Falchion   ||    16
